 Dungeon Crawl Stone Soup version 0.30-a0-219-gf2db51d15e (webtiles) character file.

Game seed: 7227953486985693656

149922 Flugkiller the Warrior (level 16, -4/140 HPs)
             Began as a Mummy Wanderer on Oct 7, 2022.
             Was a Follower of Uskayaw.
             Slain by a tarantella (7 damage)
             ... on level 4 of the Spider Nest.
             The game lasted 01:18:19 (32380 turns).

Flugkiller the Warrior (Mummy Wanderer)            Turns: 32380, Time: 01:18:20

Health: -4/140     AC: 18    Str: 13 (16) XL:     16   Next: 97%
Magic:  31/31      EV:  9    Int: 25 (27) God:    Uskayaw [*.....]
Gold:   2457       SH:  0    Dex: 10 (13) Spells: 10/37 levels left

rFire   . . .      SeeInvis .    b - staff of conjuration
rCold   + . .      Faith    +    o - +2 buckler
rNeg    + + +      Spirit   .    N - +5 ring mail of the Orb {rPois Regen+ Dex+4 Slay-2}
rPois   ∞          Reflect  .    H - +1 helmet of Syndicalism {Harm rN++}
rElec   .          Harm     +    F - +1 cloak
rCorr   .          Rampage  .    m - +0 pair of gloves
Will    ++...                    J - +0 pair of boots
Stlth   ..........               L - amulet of magic regeneration
HPRegen 1.23/turn                k - ring of fire
MPRegen 0.62/turn                R - ring of the Komtur {rC+ rN+ Int+6}

@: confused
A: cold resistance 1, negative energy resistance 3, torment resistance 2, heat
vulnerability 1, in touch with death 2, no potions, faith
a: Renounce Religion, Stomp


You were on level 4 of the Spider Nest.
You worshipped Uskayaw.
Uskayaw was noncommittal.
You visited 5 branches of the dungeon, and saw 27 of its levels.
You also visited: Gauntlet.

You collected 2481 gold pieces.
You spent 24 gold pieces at shops.

Inventory:

Hand Weapons
 a - the +10 whip of the Stoat {flame, rElec}
   (You took it off a centaur on level 5 of the Dungeon)

   It burns those it strikes, dealing additional fire damage.
   rElec:     It insulates you from electricity.
Missiles
 y - 7 throwing nets
 E - 8 curare-tipped darts
Armour
 f - the +10 plate armour of the Unbroken {rN+ Str+5}
   (You found it on level 14 of the Dungeon)

   Str:       It affects your strength (+5).
   rN:        It protects you from negative energy.
 m - a +0 pair of gloves (worn)
   (You found it on level 2 of the Dungeon)
 o - a +2 buckler (worn)
   (You found it on level 3 of the Spider Nest)
 C - the +0 helmet "Affypled" {rElec Dex+3}
   (You found it in a Gauntlet)

   Dex:       It affects your dexterity (+3).
   rElec:     It insulates you from electricity.
 F - a +1 cloak (worn)
   (You found it on level 6 of the Dungeon)
 H - the +1 helmet of Syndicalism (worn) {Harm rN++}
   (You found it in a Gauntlet)

   rN:        It greatly protects you from negative energy.
   Harm:      It increases damage dealt and taken.
 J - a +0 pair of boots (worn)
   (You found it on level 9 of the Dungeon)
 M - a +0 troll leather armour
   (You found it on level 4 of the Dungeon)
 N - the +5 ring mail of the Orb (worn) {rPois Regen+ Dex+4 Slay-2}
   (You found it on level 2 of the Spider Nest)

   Dex:       It affects your dexterity (+4).
   Slay:      It affects your accuracy & damage with ranged weapons and melee
   (-2).
   rPois:     It protects you from poison.
   Regen:     It increases your rate of health regeneration.
 S - +1 fire dragon scales
   (You found it in a Gauntlet)
Magical Staves
 b - a staff of conjuration (weapon)
   (You acquired it on level 3 of the Dungeon)
 r - a staff of fire
   (You acquired it on level 1 of the Lair of Beasts)
Jewellery
 i - a ring of see invisible
   (You took it off a gnoll on level 5 of the Dungeon)
 j - a ring of wizardry
   (You found it on level 2 of the Dungeon)
 k - a ring of fire (left hand)
   (You found it on level 2 of the Dungeon)
 u - the ring "Zily" {Drain rN+++ MP+9 Dex+6}
   (You acquired it on level 2 of the Orcish Mines)

   [ring of magical power]

   Dex:       It affects your dexterity (+6).
   rN:        It renders you almost immune to negative energy.
   MP:        It affects your magic capacity (+9).
   Drain:     It drains your maximum health when unequipped.
 v - a +4 ring of evasion
   (You found it on level 9 of the Dungeon)
 A - a ring of ice
   (You took it off an orc on level 11 of the Dungeon)
 L - an amulet of magic regeneration (around neck)
   (You found it on level 9 of the Dungeon)
 P - a ring of magical power
   (You found it on level 4 of the Spider Nest)
 Q - a ring of flight
   (You found it on level 13 of the Dungeon)
 R - the ring of the Komtur (right hand) {rC+ rN+ Int+6}
   (You acquired it on level 4 of the Spider Nest)

   [ring of intelligence]

   Int:       It affects your intelligence (+6).
   rC:        It protects you from cold.
   rN:        It protects you from negative energy.
 T - an amulet of regeneration
   (You found it on level 14 of the Dungeon)
Wands
 c - a wand of mindburst (28)
   (You took it off a kobold on level 4 of the Dungeon)
 g - a wand of flame (36)
   (You found it on level 12 of the Dungeon)
 x - a wand of polymorph (9)
   (You took it off a gnoll on level 5 of the Dungeon)
 I - a wand of charming (18)
   (You found it on level 9 of the Dungeon)
 K - a wand of digging (11)
   (You took it off an orc wizard on level 9 of the Dungeon)
 O - a wand of roots (7)
   (You found it on level 4 of the Spider Nest)
Scrolls
 e - 3 scrolls of vulnerability
 l - 2 scrolls of fear
 n - 6 scrolls of amnesia
 p - 5 scrolls of brand weapon
 q - 6 scrolls of enchant armour
 s - a scroll of silence
 t - 10 scrolls of teleportation
 w - 6 scrolls of immolation
 z - 4 scrolls of blinking
 B - 2 scrolls of torment
 D - 3 scrolls of poison
 G - 4 scrolls of enchant weapon
 U - 2 scrolls of magic mapping
Miscellaneous
 d - a piece from Xom's chessboard (15/15) (quivered)
 h - a condenser vane (inert)
   (You found it on level 15 of the Dungeon)


   Skills:
 - Level 16.9 Fighting
 + Level 5.2 Armour
 + Level 4.9 Shields
 - Level 11.0 Spellcasting
 + Level 12.9 Conjurations
 + Level 12.9 Fire Magic
 - Level 3.5 Air Magic
 - Level 2.0 Poison Magic
 - Level 6.0 Invocations
 - Level 6.0 Evocations


You had 10 spell levels left.
You knew the following spells:

 Your Spells              Type           Power      Damage    Failure   Level
a - Shock                 Conj/Air       100%       1d9       1%          1
b - Poisonous Vapours     Pois/Air       54%        N/A       5%          2
c - Sting                 Tmut/Pois      72%        1d6       8%          1
d - Mephitic Cloud        Conj/Pois/Air  61%        N/A       2%          3
e - Foxfire               Conj/Fire      100%       2x1d9     1%          1
f - Fireball              Conj/Fire      54%        3d21      1%          5
g - Starburst             Conj/Fire      54%        6d15      9%          6
h - Iskenderun's Mystic   Conj/Tloc      62%        2d13      9%          4
i - Sticky Flame          Conj/Fire      100%       2d11      1%          4

Your spell library contained the following spells:

 Spells                   Type           Power      Damage    Failure   Level
 Magic Dart               Conj           100%       1d8       1%          1
 Searing Ray              Conj           100%       2d8       1%          2
 Dazzling Flash           Conj/Hex       100%       N/A       2%          3
 Kindle Blastsparks       Fire/Tloc/Air  100%       2d18      3%          3
 Fulminant Prism          Conj/Hex       31%        3d16      9%          4
 Arcjolt                  Conj/Air       35%        1d45      11%         5
 Lightning Bolt           Conj/Air       35%        1d53      11%         5
 Apportation              Tloc           26%        N/A       12%         1
 Necrotise                Necr           100%       1d9       12%         1
 Summon Small Mammal      Summ           52%        N/A       12%         1
 Airstrike                Air            15%        2d(3-19)  26%         4
 Vampiric Draining        Necr           30%        2d8       34%         3
 Summon Lightning Spire   Summ/Air       22%        N/A       50%         4
 Conjure Ball Lightning   Conj/Air       35%        3x3d11    52%         6
 Anguish                  Hex/Necr       15%        N/A       75%         4
 Animate Dead             Necr           30%        N/A       75%         4
 Cause Fear               Hex            6%         N/A       75%         4
 Manifold Assault         Tloc           13%        N/A       75%         4
 Passage of Golubria      Tloc           13%        N/A       75%         4
 Agony                    Necr           30%        N/A       97%         5
 Enfeeble                 Hex            6%         N/A       100%        7
 Malign Gateway           Summ/Tloc      6%         N/A       100%        7
 Discord                  Hex            6%         N/A       100%        8
 Disjunction              Tloc           6%         N/A       100%        8
 Dragon's Call            Summ           6%         N/A       100%        9
 Sublimation of Blood     Necr           Unusable   N/A       N/A         2
 Dragon Form              Tmut           Unusable   N/A       N/A         7
 Necromutation            Tmut/Necr      Unusable   N/A       N/A         8

Dungeon Overview and Level Annotations

Branches:
Dungeon (15/15) Zot: 25643  Temple (1/1) D:6 Zot: 5956    Lair (5/5) D:8 Zot: 24044
  Swamp (0/4) Lair:3       Spider (4/4) Lair:3 Zot: 18969   Slime (0/5) Lair:4
    Orc (2/2) D:11 Zot: 10110     Elf (0/3) Orc:2        Vaults (0/5) D:14
 Depths (0/4) D:15        Gauntlet (visited)

Altars:
Ashenzari
Cheibriados
Dithmenos
Fedhas
Gozag
Hepliaklqana
Kikubaaqudgha
Makhleb
Nemelex Xobeh
Okawaru
Qazlal
Ru
Sif Muna
Trog
Uskayaw
Vehumet
Wu Jian
Xom
Yredelemnul
Jiyva

Shops:
D:4 [*?   D:13 [   Orc:2 =(!?

Portals:
Pandemonium: Orc:2

Annotations:
D:9 2 runed translucent doors
D:14 1 runed translucent door, qtw55's ghost, journeyman GrEE
Lair:1 1 runed translucent door, jt's ghost, journeyman TrWr
Lair:2 1 runed translucent door, Okkes's ghost, journeyman OgSu
Spider:4 2 exclusions


Innate Abilities, Weirdness & Mutations

You are immune to poison.
Your flesh is cold resistant. (rC+)
You are immune to negative energy. (rN+++)
You are immune to unholy pain and torment.
You are vulnerable to heat. (rF-)
You are strongly in touch with the powers of death.
You do not drink.
You have a special connection with the divine. (Faith)


Message History

Magic restored.
You see here a tarantella corpse.
You now have 2457 gold pieces (gained 26).
A tarantella comes into view.
A tarantella is nearby!
A culicivora comes into view.
The tarantella's many legs skitter faintly.
A tarantella comes into view. x2
The tarantella's many legs skitter faintly.
Found 5 stones.
The tarantella barely misses you.
Casting: Starburst (dangerous; 9% risk of failure)
Confirm with . or Enter, or press ? or * to list all spells.
You feel a strong surge of power!
The bolt of fire misses the tarantella.
The bolt of fire hits the tarantella!!!
You kill the tarantella!
The tarantella misses you. The tarantella touches you!
You are confused.
You're too confused to cast spells.
Unknown command.
You miss the tarantella.
The tarantella touches you but does no damage. x2
The tarantella touches you.
The tarantella touches you but does no damage.
The tarantella attacks as you move away!
The tarantella touches you but does no damage.
You bump into the rock wall.
The tarantella touches you!
The tarantella touches you but does no damage.
The tarantella barely misses you.
You are caught in the web!
The tarantella closely misses you.
There is a web here.
You struggle to detach yourself from the web.
The tarantella touches you but does no damage.
The tarantella touches you!
You are more confused.
The tarantella touches you! The tarantella barely misses you.
You disentangle yourself.
The tarantella closely misses you. The tarantella barely misses you.
You're too confused to cast spells.
The tarantella attacks as you move away!
The tarantella barely misses you.
The tarantella attacks as you move away!
The tarantella barely misses you. x2; The tarantella touches you.
The tarantella attacks as you move away!
The tarantella barely misses you.
You bump into the rock wall.
The tarantella touches you but does no damage.
The tarantella touches you.
You are more confused.
The tarantella touches you! The tarantella barely misses you.
The tarantella attacks as you move away!
The tarantella touches you! The tarantella closely misses you.
The tarantella attacks as you move away!
The tarantella touches you.
You are more confused.
The culicivora bites you.
The tarantella touches you but does no damage.
You bump into the rock wall.
The culicivora bites you!
The tarantella touches you but does no damage.
You bump into the rock wall.
The tarantella touches you!
* * * LOW HITPOINT WARNING * * *
You are more confused.
The culicivora closely misses you.
The tarantella touches you but does no damage.
The tarantella closely misses you. The culicivora bites you!
* * * LOW HITPOINT WARNING * * *
The tarantella touches you!
* * * LOW HITPOINT WARNING * * *
You are more confused.
Unknown command.
You are too confused!
Unknown command.
You are too confused!
Unknown command.
You can't drink.
Unknown command.
You bump into the rock wall.
The culicivora bites you but does no damage.
The tarantella touches you.
* * * LOW HITPOINT WARNING * * *
The tarantella completely misses you.
Unknown command.
You bump into the rock wall.
The tarantella touches you but does no damage.
The culicivora bites you!
* * * LOW HITPOINT WARNING * * *
The tarantella closely misses you. The culicivora bites you.
* * * LOW HITPOINT WARNING * * *
The tarantella barely misses you.
The tarantella touches you but does no damage.
Unknown command.
You bump into the rock wall.
The culicivora completely misses you. The tarantella closely misses you.
The tarantella touches you.
* * * LOW HITPOINT WARNING * * *
Unknown command.
You completely miss the culicivora.
The tarantella touches you but does no damage.
The culicivora barely misses you.
The tarantella touches you but does no damage.
The culicivora barely misses you. The tarantella touches you.
You die...

###.....^..##....#
#^.........#^...#
##.....#####....#
##^..^.. #....##
##.##...#.....#
### ...#.....#
#########.....#
##s##..........#
#@s..........#.#
##s..........###
#.........^##
##^....#####
#....## #..###
##..(.# ....##
......#


You could see a culicivora and 2 tarantellas.

Vanquished Creatures
  An acid blob (Lair:5)
  Frances (D:12)
  Kirke (D:15)
  An azure jelly (Lair:5)
  2 ghost moths
  A very ugly thing (D:15)
  2 quicksilver oozes (Lair:5)
  A broodmother (Spider:2)
  A bunyip (Gauntlet)
  A spark wasp (Spider:2)
  Josephine (D:11)
  3 entropy weavers
  Harold (D:11)
  A rakshasa (D:15)
  4 vault guards (D:14)
  2 catoblepae
  2 demonspawn (Orc:2)
  3 ogre magi
  2 radroaches
  5 hydras
  4 centaur warriors
  Erolcha (D:11)
  9 boulder beetles
  10 two-headed ogres
  2 jorogumos
  A death knight (D:14)
  8 death yaks
  A tengu warrior (D:13)
  Nergalle (D:11)
  4 orc high priests (Orc:2)
  A soul eater (Orc:2)
  A sun demon (Orc:2)
  A skeletal warrior (D:10)
  4 pharaoh ants
  A swamp dragon (Lair:3)
  A steelbarb worm (Spider:1)
  A glowing orange brain (D:15)
  6 orb spiders
  A lindwurm (Lair:4)
  9 orc knights
  A deep elf pyromancer (D:14)
  8 orc sorcerers
  16 wolf spiders
  3 manticores
  10 ugly things
  3 elephants (Lair:5)
  8 cyclopes
  4 black mambas
  A rust devil (Orc:2)
  6 cane toads
  2 unseen horrors
  3 torpor snails
  5 demonic crawlers
  2 komodo dragons
  3 rime drakes
  A freezing wraith (D:15)
  A tengu conjurer (D:13)
  An efreet (D:14)
  10 meliai
  6 polar bears (Lair:5)
  A meliai (shapeshifter) (D:15)
  7 trolls
  A wolf spider simulacrum (D:15)
  14 blink frogs
  16 tarantellas
  5 hornets (Lair:5)
  A slime creature (shapeshifter) (D:15)
  5 dream sheep (Lair:5)
  21 slime creatures
  21 culicivoras
  17 jumping spiders
  13 spriggans (Lair:5)
  6 shadows
  2 vampires
  3 wyverns
  55 yaks
  A ynoxinul (Orc:2)
  6 wraiths
  3 hogs (D:15)
  A basilisk (shapeshifter) (D:15)
  7 humans (D:14)
  A steam dragon (D:8)
  Eustachio (D:7)
  3 basilisks
  Grum (D:8)
  5 vampire mosquitoes (D:13)
  51 redbacks
  A warg (Orc:2)
  2 acid dragons
  13 water moccasins
  5 black bears
  A sky beast (D:6)
  35 orc warriors
  10 ogres
  4 boggarts (Lair:5)
  38 wolves
  14 centaurs
  Blork the orc (D:7)
  3 kobold brigands
  A phantom (D:4)
  2 necrophages
  4 gnoll sergeants
  12 bullfrogs
  7 scorpions
  6 wights
  4 killer bees (D:10)
  5 howler monkeys
  3 electric eels
  2 crimson imps (Gauntlet)
  30 orc priests
  3 hounds
  20 jellies
  3 gnoll boudas
  3 hell rats (D:8)
  7 iguanas
  20 orc wizards
  7 adders
  27 gnolls
  2 river rats (D:8)
  A shadow imp (D:8)
  2 dart slugs
  69 orcs
  6 ball pythons
  9 bats
  9 endoplasms
  4 giant cockroaches
  4 goblins
  8 hobgoblins
  3 jackals
  20 kobolds
  6 quokkas
  4 frilled lizards
  4 rats
  2 bushes (Lair:1)
911 creatures vanquished.

Vanquished Creatures (collateral kills)
  A foxfire (D:6)
1 creature vanquished.

Vanquished Creatures (others)
  A human (D:14)
  A gnoll (D:7)
  A white imp (D:6)
  2 bushes
  14 demonic plants (Gauntlet)
  187 foxfires
  34 fungi
  79 plants
319 creatures vanquished.

Grand Total: 1231 creatures vanquished

Notes
Turn   | Place    | Note
-------+----------+-------------------------------------------
     0 | D:1      | Flugkiller the Mummy Wanderer began the quest for the Orb.
     0 | D:1      | Flugkiller set off with the following items: a +0 club, a
                  | scroll of fear, a +0 leather armour, a piece from Xom's
                  | chessboard (15/15); and the following spells available to
                  | memorise: Shock, Poisonous Vapours, Sting, Mephitic Cloud.
     0 | D:1      | Reached XP level 1. HP: 13/13 MP: 2/2
     2 | D:1      | Learned a level 1 spell: Shock
    75 | D:1      | Reached skill level 1 in Fighting
    98 | D:1      | Found a faded altar of an unknown god.
   159 | D:1      | Reached XP level 2. HP: 21/21 MP: 0/5
   254 | D:1      | Reached skill level 1 in Conjurations
   257 | D:1      | Learned a level 2 spell: Poisonous Vapours
   586 | D:1      | Gained mutation: You are in touch with the powers of death.
                  | [Mummy growth]
   586 | D:1      | Reached XP level 3. HP: 26/26 MP: 3/6
  1610 | D:2      | Learned a level 1 spell: Sting
  1614 | D:2      | Learned a level 3 spell: Mephitic Cloud
  2088 | D:2      | Reached XP level 4. HP: 32/32 MP: 6/8
  2709 | D:3      | Noticed a +0 spear
  2710 | D:3      | Noticed a +0 short sword
  2711 | D:3      | Noticed a +0 short sword
  2713 | D:3      | Noticed a +0 falchion
  2713 | D:3      | Noticed a +0 falchion
  2716 | D:3      | Noticed a +0 dagger
  2717 | D:3      | Noticed a +0 dagger
  2717 | D:3      | Noticed a +0 spear
  2726 | D:3      | Found a hide-covered altar of Uskayaw.
  2736 | D:3      | Found an ornate altar of the Wu Jian Council.
  2748 | D:3      | Identified a scroll of acquirement
  2975 | D:3      | Found a shadowy altar of Dithmenos.
  3418 | D:3      | Became a worshipper of Uskayaw the Reveller
  3508 | D:4      | Reached * piety under Uskayaw
  3608 | D:4      | Reached ** piety under Uskayaw
  3611 | D:4      | Reached *** piety under Uskayaw
  3614 | D:4      | Reached XP level 5. HP: 34/37 MP: 2/10
  3735 | D:4      | Found Nolueki's Magic Scroll Emporium.
  3738 | D:4      | Bought a scroll of identify for 24 gold pieces
  3744 | D:4      | Found an opulent altar of Gozag.
  3746 | D:4      | Found Gozag's Platinum Reserve.
  4032 | D:4      | Noticed a phantom
  4045 | D:4      | Killed a phantom
  4045 | D:4      | Reached **** piety under Uskayaw
  4298 | D:4      | Found Zaept's Antique Armour Shoppe.
  4501 | D:4      | Reached skill level 2 in Fighting
  4501 | D:4      | Reached XP level 6. HP: 44/44 MP: 4/12
  4610 | D:4      | Learned a level 1 spell: Foxfire
  4646 | D:5      | Entered Level 5 of the Dungeon
  4730 | D:5      | Found a snail-covered altar of Cheibriados.
  5134 | D:5      | Reached skill level 1 in Fire Magic
  5324 | D:5      | Found a transporter.
  5346 | D:5      | Found a transporter.
  5404 | D:5      | Noticed a yak
  5405 | D:5      | Noticed a yak
  5406 | D:5      | Noticed a yak
  5462 | D:4      | Reached XP level 7. HP: 50/50 MP: 7/14
  5556 | D:5      | Killed a yak
  5556 | D:5      | Killed a yak
  5557 | D:5      | Reached skill level 5 in Spellcasting
  5779 | D:5      | Noticed a yak
  5847 | D:5      | Killed a yak
  5848 | D:5      | Reached XP level 8. HP: 56/56 MP: 1/16
  6035 | D:5      | Identified the +10 whip of the Stoat {flame, rElec}
  6050 | D:5      | Reached skill level 5 in Conjurations
  6063 | D:5      | Reached ***** piety under Uskayaw
  6610 | D:6      | Found a staircase to the Ecumenical Temple.
  6636 | D:6      | Reached XP level 9. HP: 55/61 MP: 20/20
  6645 | Temple   | Entered the Ecumenical Temple
  6757 | D:6      | Reached ****** piety under Uskayaw
  6824 | D:6      | Identified the +1 scale mail of Otuen {-Cast rN+++ Will++
                  | Dex-4}
  7158 | D:6      | Found a burning altar of Makhleb.
  7297 | D:7      | Reached skill level 5 in Fire Magic
  7301 | D:7      | Found a bloodstained altar of Trog.
  7305 | D:7      | Found an ancient bone altar of Kikubaaqudgha.
  7418 | D:7      | Noticed Eustachio
  7443 | D:7      | Killed Eustachio
  7444 | D:7      | Noticed Blork the orc
  7467 | D:7      | Killed Blork the orc
  7826 | D:7      | Found a radiant altar of Vehumet.
  7835 | D:7      | Noticed a troll
  7843 | D:7      | Killed a troll
  7984 | D:7      | Reached XP level 10. HP: 55/67 MP: 18/23
  8152 | D:7      | Found a sacrificial altar of Ru.
  8461 | D:7      | Learned a level 5 spell: Fireball
  8864 | D:8      | Reached skill level 10 in Spellcasting
  8885 | D:8      | Noticed Grum
  9111 | D:8      | Killed Grum
  9117 | D:8      | Noticed a death yak
  9612 | D:8      | Noticed a two-headed ogre
  9614 | D:8      | Noticed a death yak
  9617 | D:8      | Killed a two-headed ogre
  9805 | D:8      | Found a staircase to the Lair.
 10388 | D:8      | Got The Second Course in Theurgy
 10468 | D:8      | Reached XP level 11. HP: 64/72 MP: 5/25
 10611 | D:8      | Noticed a death yak
 10696 | D:9      | Found a stormy altar of Qazlal.
 11252 | D:9      | Noticed a naga warrior
 11253 | D:9      | Found a large runed translucent door.
 11254 | D:9      | Found a large runed translucent door.
 11506 | D:9      | Noticed a naga warrior
 11532 | D:10     | Entered Level 10 of the Dungeon
 12109 | D:10     | You fall into a shaft and drop 3 floors!
 12148 | D:12     | Noticed Frances
 12167 | D:12     | Noticed a two-headed ogre
 12182 | D:12     | Killed a two-headed ogre
 12280 | D:12     | Noticed a six-headed hydra
 12291 | D:12     | Killed a six-headed hydra
 12299 | D:12     | Reached skill level 10 in Conjurations
 12388 | D:11     | Noticed a green ugly thing
 12401 | D:11     | Killed a green ugly thing
 12406 | D:11     | Noticed Erolcha
 12410 | D:11     | Killed Erolcha
 12411 | D:11     | Reached skill level 10 in Fire Magic
 12446 | D:11     | Acquired a staff of conjuration
 12477 | D:11     | Reached skill level 3 in Fighting
 12480 | D:11     | Noticed Josephine
 12583 | D:12     | Noticed a two-headed ogre
 12585 | D:12     | Killed a two-headed ogre
 12586 | D:12     | Reached skill level 4 in Fighting
 12827 | D:10     | Noticed a skeletal warrior
 12844 | D:10     | Killed a skeletal warrior
 12845 | D:10     | Reached skill level 5 in Fighting
 12845 | D:10     | Reached skill level 1 in Armour
 12845 | D:10     | Reached XP level 12. HP: 43/86 MP: 11/26
 12873 | D:10     | Noticed an ogre mage
 12876 | D:10     | Killed an ogre mage
 13021 | D:10     | Found a hazy altar of Hepliaklqana.
 13217 | D:11     | Noticed Harold
 13227 | D:11     | Killed Harold
 13343 | D:11     | Reached skill level 6 in Fighting
 13420 | D:11     | Noticed a two-headed ogre
 13424 | D:11     | Killed a two-headed ogre
 13514 | D:11     | Killed Josephine
 13515 | D:11     | Reached skill level 7 in Fighting
 13829 | D:11     | Found a staircase to the Orcish Mines.
 13950 | D:11     | Noticed Nergalle
 13955 | D:11     | Killed Nergalle
 14248 | D:8      | Killed a death yak
 14485 | D:8      | Killed a death yak
 14490 | D:8      | Killed a death yak
 14551 | D:8      | Found a staircase to the Lair.
 15038 | Lair:1   | Entered Level 1 of the Lair of Beasts
 15299 | Lair:1   | Gained mutation: You are strongly in touch with the powers
                  | of death. [Mummy growth]
 15299 | Lair:1   | Reached XP level 13. HP: 96/96 MP: 21/27
 15523 | Lair:1   | Found a runed translucent door.
 15523 | Lair:1   | Noticed jt's ghost (journeyman TrWr)
 16611 | Lair:2   | Found a runed translucent door.
 16725 | Lair:2   | Found a shimmering altar of Xom.
 16725 | Lair:2   | Noticed Okkes's ghost (journeyman OgSu)
 17272 | Lair:3   | Found a staircase to the Swamp.
 17366 | Lair:3   | Found a gate leading to a gauntlet.
 17377 | Gauntlet | Entered a Gauntlet
 17377 | Gauntlet | Found a transporter.
 17377 | Gauntlet | Found a transporter.
 17381 | Gauntlet | Found a transporter.
 17381 | Gauntlet | Found a transporter.
 17390 | Gauntlet | Found a transporter.
 17409 | Gauntlet | Found a transporter.
 17419 | Gauntlet | Found a transporter.
 17419 | Gauntlet | Found a transporter.
 17443 | Gauntlet | Found a transporter.
 17450 | Gauntlet | Found a transporter.
 17462 | Gauntlet | Found a transporter.
 17484 | Gauntlet | Found a transporter.
 17520 | Gauntlet | Found a transporter.
 17541 | Gauntlet | Found a transporter.
 17640 | Gauntlet | Found a transporter.
 17656 | Gauntlet | Found a transporter.
 17756 | Gauntlet | Learned a level 6 spell: Starburst
 17937 | Gauntlet | Identified the +0 helmet "Affypled" {rElec Dex+3}
 17980 | Gauntlet | Identified the +1 helmet of Syndicalism {Harm rN++}
 18030 | Gauntlet | Identified the +2 kite shield "Exam" {Rampage rC- Str+2}
 18030 | Gauntlet | Noticed a minotaur
 18033 | Gauntlet | a minotaur changed into a bunyip
 18033 | Gauntlet | Noticed a bunyip
 18036 | Gauntlet | Killed a bunyip
 18057 | Gauntlet | Got the Anthology of the Map
 18066 | Gauntlet | Got the Quarto of Deathly Hurting
 18364 | Lair:3   | Found a hole to the Spider Nest.
 19399 | Lair:4   | Found a viscous altar of Jiyva.
 19399 | Lair:4   | Found a staircase to the Slime Pits.
 19764 | Lair:5   | Entered Level 5 of the Lair of Beasts
 19883 | Lair:5   | Reached skill level 5 in Evocations
 19928 | Lair:5   | Reached XP level 14. HP: 103/103 MP: 21/29
 20125 | Lair:5   | Identified the +7 chain mail "Nuxicw" {Rampage}
 20196 | Lair:5   | Noticed an acid blob
 20199 | Lair:5   | Killed an acid blob
 20199 | Lair:5   | Noticed a quicksilver ooze
 20200 | Lair:5   | Reached skill level 5 in Invocations
 20234 | Lair:5   | Killed a quicksilver ooze
 20239 | Lair:5   | Noticed a quicksilver ooze
 20286 | Lair:5   | Killed a quicksilver ooze
 20422 | Lair:5   | Noticed an azure jelly
 20426 | Lair:5   | Killed an azure jelly
 20543 | Lair:5   | Found a viscous altar of Jiyva.
 20625 | Lair:5   | Reached skill level 8 in Fighting
 20831 | Lair:5   | Reached skill level 9 in Fighting
 21576 | Lair:5   | Reached skill level 10 in Fighting
 21852 | D:12     | Killed Frances
 22143 | D:13     | Found Racaimam's Armour Boutique.
 22219 | D:13     | Reached skill level 11 in Fighting
 22359 | D:13     | Found a viscous altar of Jiyva.
 22487 | D:13     | Got the Compendium of Torrid Vitiation
 22757 | D:13     | Identified the +9 quarterstaff "Podaar" {drain, Contam
                  | rElec Dex+2 SInv}
 23106 | D:14     | Reached skill level 12 in Fighting
 23225 | D:14     | Reached XP level 15. HP: 121/121 MP: 11/30
 23633 | D:14     | Found a runed translucent door.
 23633 | D:14     | Identified the +5 trident "Taeny" {vorpal, rElec Will+
                  | rCorr}
 23636 | D:14     | Noticed qtw55's ghost (journeyman GrEE)
 24021 | D:14     | Found a gate to the Vaults.
 24024 | D:14     | Identified the +10 plate armour of the Unbroken {rN+ Str+5}
 24088 | D:15     | Entered Level 15 of the Dungeon
 24100 | D:15     | Reached skill level 13 in Fighting
 24494 | D:15     | Reached skill level 14 in Fighting
 25137 | D:15     | Noticed Kirke
 25145 | D:15     | Killed Kirke
 25200 | D:15     | Found a staircase to the Depths.
 25204 | D:15     | Reached skill level 15 in Fighting
 25351 | Orc:1    | Entered Level 1 of the Orcish Mines
 25700 | Orc:1    | You fall into a shaft and drop 1 floor!
 25700 | Orc:2    | Entered Level 2 of the Orcish Mines
 26007 | Orc:2    | Found Jocku's Distillery.
 26009 | Orc:2    | Found Fenaef's Magic Scroll Shop.
 26274 | Orc:2    | Found a staircase to the Elven Halls.
 26426 | Orc:2    | Reached skill level 16 in Fighting
 26846 | Orc:2    | Learned a level 4 spell: Iskenderun's Mystic Blast
 26984 | Orc:2    | Reached XP level 16. HP: 139/139 MP: 25/31
 27093 | Orc:2    | Found Bezor's Antique Weapon Emporium.
 27093 | Orc:2    | Found Cogufulu's Jewellery Shoppe.
 27094 | Orc:2    | Found a one-way gate leading to the halls of Pandemonium.
 27194 | Orc:2    | Acquired a staff of fire
 27196 | Orc:2    | Acquired the ring "Zily" {Drain rN+++ MP+9 Dex+6}
 27366 | Spider:1 | Entered Level 1 of the Spider Nest
 27372 | Spider:1 | Learned a level 4 spell: Sticky Flame
 27717 | Spider:1 | Reached skill level 1 in Shields
 28394 | Spider:1 | You fall into a shaft and drop 1 floor!
 28899 | Spider:2 | Identified the +5 ring mail of the Orb {rPois Regen+ Dex+4
                  | Slay-2}
 31452 | Spider:2 | Reached skill level 5 in Armour
 31903 | Spider:4 | Entered Level 4 of the Spider Nest
 32044 | Spider:4 | Acquired the ring of the Komtur {rC+ rN+ Int+6}
 32378 | Spider:4 | HP: 2/140 [culicivora (9)]
 32380 | Spider:4 | Slain by a tarantella

Illustrated notes

Levels and vault maps discovered:
D:1:      tarquinn_simple_flora_water_f, layout_loops_ring,
          ebering_ecumenical_altar_mist
D:2:      layout_basic
D:3:      cheibrodos_helix_gallery, layout_basic, nicolae_uskayaw_en_pointe,
          mainiacjoe_overflow_catwalk, mainiacjoe_overflow_paths,
          bh_walls_and_bars
D:4:      layout_basic, nicolae_gozag_zags_fifth_avenue, serial_shops,
          kennysheep_mini_moat, nicolae_take_the_stairs
D:5:      gammafunk_wand_slinger, layout_loops_ring, lemuel_round_altar,
          minmay_fractal_squares_diagonal_5
D:6:      layout_gridville, lemuel_doored_altar,
          minmay_temple_entry_statues_pillars, serial_bayou_ford_a,
          kennysheep_generic_room_14
D:7:      layout_basic, nicolae_ru_sacrificial_ziggurat, jmf_multi_god_temple,
          mainiacjoe_overflow_small_starburst, sword_in_stone
D:8:      layout_loops_ring, zin_statuary, dpeg_lair_monsters,
          minmay_pinched_square, uniq_grum
D:9:      okawaru_arena_lexackson, layout_small_grid, tso_metal_star,
          nicolae_overflow_hidden_temple, kb_lookout_dungeons_type
D:10:     minmay_distorted_concentric_squares, layout_basic,
          lemuel_crystal_altar, nicolae_eternal_life
D:11:     layout_irregular_city, david_orc_3, uniq_josephine, uniq_nergalle,
          uniq_erolcha, uniq_harold
D:12:     layout_basic, uniq_frances
D:13:     layout_basic, serial_shops, nicolae_shop_waterfront, jiyva_altar_1
D:14:     layout_roguey, ximxim_vaults_locker_room, ebering_ghost_funeral_grove,
          minmay_misc_feat_four_crosses, minmay_starry_boxes
D:15:     gammafunk_enter_depths_forms, layout_irregular_city, uniq_kirke
Temple:   nicolae_temple_ecumenical_triangle
Lair:1:   layout_regular_city, gammafunk_ghost_grave,
          nicolae_lair_grazing_beasts [nicolae_sub_lair_graze_edge,
          nicolae_sub_lair_graze_edge, nicolae_sub_lair_graze_edge,
          nicolae_sub_lair_graze_edge]
Lair:2:   layout_regular_city, ebering_ghost_xom
Lair:3:   layout_chaotic_city, minmay_swamp_entry_reptiles,
          hellmonk_spider_entry_life_and_decay, gauntlet_entry_generic,
          serial_bayou_shore_a, serial_bayou_shore_b, grunt_megastairs_3
Lair:4:   layout_regular_city, dpeg_slime_entry_enclosed, lemuel_fruit_tree
Lair:5:   minmay_lair_end_enchanted_forest, layout_cave_pods, special_room
          [special_room_jelly], nicolae_quartered_pool_little, minivault_25,
          infiniplex_staircase_pool_2
Spider:1: layout_cave_pods
Spider:2: layout_chambers, hangedman_spider_tarantella_strand
Spider:3: layout_spider_delve
Spider:4: guppyfry_spider_rune
Orc:1:    layout_caves, basic_altar
Orc:2:    pf_orc_diabolical, layout_caves, minmay_orc_temple_a

Skill      XL: |  1  2  3  4  5  6  7  8  9 10 11 12 13 14 15 16 |
---------------+-------------------------------------------------+-----
Fighting       | 1 2 5 7 12 16 | 16.9
Spellcasting   | 2 3 4 5 7 9 10 11 | 11.0
Conjurations   | 1 2 3 4 5 6 8 10 11 12 | 12.9
Poison Magic   | 2 |  2.0
Evocations     | 2 3 5 6 |  6.0
Fire Magic     | 1 2 4 5 8 10 11 12 | 12.9
Armour         | 1 3 5 |  5.2
Invocations    | 4 6 |  6.0
Shields        | 4 |  4.9
Air Magic      | |  3.5

Action                   |  1- 3 |  4- 6 |  7- 9 | 10-12 | 13-15 | 16-18 || total
-------------------------+-------+-------+-------+-------+-------+-------++-------
Melee: Club              |    59 |    10 |       |       |       |       ||    69
       Short sword       |       |    63 |     1 |       |       |       ||    64
       Spear             |       |       |    25 |       |       |       ||    25
       Whip              |       |       |   137 |   239 |    32 |    13 ||   421
       Staff             |       |       |       |       |    64 |     9 ||    73
 Cast: Shock             |    76 |   104 |    68 |       |       |       ||   248
       Poisonous Vapours |     1 |     4 |       |     2 |       |       ||     7
       Sting             |       |    10 |       |       |       |       ||    10
       Mephitic Cloud    |       |    13 |    33 |    16 |       |       ||    62
       Foxfire           |       |     2 |    43 |    45 |    29 |       ||   119
       Fireball          |       |       |       |   173 |   154 |     7 ||   334
       Starburst         |       |       |       |       |   263 |   157 ||   420
       Sticky Flame      |       |       |       |       |       |     3 ||     3
Invok: Line Pass         |       |       |       |     1 |       |       ||     1
Evoke: Wand              |       |       |     1 |     3 |    24 |       ||    28
       Condenser vane    |       |       |       |       |     1 |     1 ||     2
  Use: Scroll            |     3 |     8 |     2 |     7 |    12 |     5 ||    37
 Stab: Paralysed         |       |     4 |     7 |    23 |     6 |     1 ||    41
       Confused          |       |     3 |     5 |     5 |       |       ||    13
Armor: Leather armour    |    40 |    11 |       |       |       |       ||    51
       Troll leather arm |       |    10 |    51 |    82 |   116 |    24 ||   283
       Ring mail         |       |       |       |       |       |    78 ||    78
Dodge: Dodged            |    56 |    49 |    76 |   169 |   200 |   115 ||   665
Block: Buckler           |       |     8 |    19 |    16 |    32 |    33 ||   108

Table legend: (Time is in decaauts)
 A = Elapsed time spent in this place.
 B = Non-inter-level travel time spent in this place.
 C = Inter-level travel time spent in this place.
 D = Time resting spent in this place.
 E = Time spent auto-exploring this place.
 F = Levels seen in this place.
 G = Mean time per level.
                   A        B        C        D        E       F      G
               +--------+--------+--------+--------+--------+-----+--------+
         Total |  32562 |  30958 |   1604 |   7995 |  16075 |  28 | 1162.9 |
       Dungeon |  18945 |  17842 |   1103 |   4928 |   8950 |  15 | 1263.0 |
        Temple |     43 |     26 |     17 |      0 |     19 |   1 |   43.0 |
          Lair |   5955 |   5694 |    261 |   1221 |   3288 |   5 | 1191.0 |
   Spider Nest |   5029 |   4853 |    176 |   1204 |   2719 |   4 | 1257.2 |
  Orcish Mines |   1889 |   1842 |     47 |    514 |    813 |   2 |  944.5 |
      Gauntlet |    697 |    697 |      0 |    128 |    285 |   1 |  697.0 |
               +--------+--------+--------+--------+--------+-----+--------+

Top non-repeatable levels by time:
     D:8: 2398 daAuts
Spider:2: 2380 daAuts
     D:7: 2014 daAuts
  Lair:5: 1893 daAuts
     D:5: 1701 daAuts
     D:2: 1317 daAuts
   Orc:2: 1288 daAuts
Spider:1: 1260 daAuts
     D:4: 1229 daAuts
  Lair:1: 1218 daAuts
     D:3: 1185 daAuts
    D:11: 1118 daAuts
    D:15: 1103 daAuts
     D:1: 1096 daAuts
  Lair:3: 1066 daAuts
